 Dungeon Crawl Stone Soup version 0.29.0-11-gd7f09526c8 (webtiles) character file.

Game seed: 12913133516037639821

1246 smilodon the Trooper (level 8, -2/64 HPs)
             Began as a Demonspawn Fighter on Sept 7, 2022.
             Was a Follower of Okawaru.
             Slain by an orc priest
             ... wielding a +0 hand axe
              (5 damage)
             ... on level 5 of the Dungeon.
             The game lasted 00:16:06 (7918 turns).

smilodon the Trooper (Demonspawn Fighter)           Turns: 7918, Time: 00:16:06

Health: -2/64      AC:  9    Str: 19    XL:     8   Next: 25%
Magic:  10/10      EV: 15    Int: 13    God:    Okawaru [*.....]
Gold:   345        SH:  5    Dex: 11    Spells: 7/7 levels left

rFire   . . .      SeeInvis .   a - +0 trident
rCold   . . .      Faith    .   c - +0 buckler
rNeg    + . .      Spirit   .   b - +1 scale mail
rPois   .          Reflect  .   (no helmet)
rElec   .          Harm     .   (no cloak)
rCorr   +          Rampage  .   i - +0 pair of gloves
Will    .....                   (no boots)
Stlth   ..........              (no amulet)
HPRegen 0.20/turn               j - ring of positive energy
MPRegen 0.12/turn               m - ring of resist corrosion

@: agile
A: (demonic guardian 1), powered by pain 1, weakness stinger 2, clever 1
a: Renounce Religion, Heroism


You were on level 5 of the Dungeon.
You worshipped Okawaru.
Okawaru was aware of your devotion.
You visited 2 branches of the dungeon, and saw 6 of its levels.
You also visited: Sewer.

You collected 345 gold pieces.

Inventory:

Hand Weapons
 a - a +0 trident (weapon)
Missiles
 l - 2 boomerangs (quivered)
Armour
 b - a +1 scale mail (worn)
 c - a +0 buckler (worn)
 i - a +0 pair of gloves (worn)
 k - a +0 chain mail
 n - a +1 ring mail of willpower
Jewellery
 j - a ring of positive energy (left hand)
 m - a ring of resist corrosion (right hand)
Wands
 f - a wand of paralysis (6)
Scrolls
 g - 4 scrolls of identify
 h - 2 scrolls of vulnerability
Potions
 d - 3 potions of flight


   Skills:
 + Level 5.6 Fighting
 + Level 4.7 Polearms
 - Level 4.4 Armour
 + Level 2.2 Dodging
 - Level 4.4 Shields
 + Level 3.3 Invocations
 - Level 2.0 Evocations


You had 7 spell levels left.
You didn't know any spells.
Your spell library contained the following spells:

 Spells                   Type           Power      Damage    Failure   Level
 Apportation              Tloc           0%         N/A       75%         1
 Necrotise                Necr           0%         1d4       75%         1
 Ensorcelled Hibernation  Hex/Ice        0%         N/A       86%         2
 Passwall                 Tmut/Erth      0%         N/A       86%         2
 Gell's Gravitas          Tloc           0%         N/A       98%         3
 Swiftness                Air            0%         N/A       98%         3
 Teleport Other           Tloc           0%         N/A       98%         3
 Dispersal                Tloc           0%         N/A       100%        6
 Summon Small Mammal      Summ           Unusable   N/A       N/A         1

Dungeon Overview and Level Annotations

Branches:
Dungeon (5/15)             Temple (1/1) D:4           Sewer (visited)

Altars:
Ashenzari
Dithmenos
Gozag
Kikubaaqudgha
Makhleb
Nemelex Xobeh
Okawaru
Qazlal
Trog
Vehumet
Wu Jian

Shops:
D:2 [(*=   D:3 (

Annotations:
D:4 Dowan, Duvessa


Innate Abilities, Weirdness & Mutations

((A weak demonic guardian rushes to your aid.))
You sometimes gain a little power by taking damage.
You have a tail ending in a sharp stinger.
Your mind is acute. (Int +4, Str/Dex -1)


Message History

You puncture the orc priest!
The orc priest is severely wounded.
The orc wizard gestures wildly while chanting.
The orc wizard flickers and vanishes!
The orc closely misses you.
The orc priest invokes the aid of Beogh against you.
Beogh smites you! Something hits you.
* * * LOW HITPOINT WARNING * * *
You barely miss the orc priest.
The orc priest is severely wounded.
Something hits you but does no damage. The orc barely misses you.
The orc priest calls down the wrath of Beogh upon you.
Pain shoots through your body!
* * * LOW HITPOINT WARNING * * *
Something hits you.
* * * LOW HITPOINT WARNING * * *
As you read the scroll labelled ROLUQO UHIUGHUZOAPN, it crumbles to dust.
It is a scroll of amnesia.
You feel forgetful for a moment. Something barely misses you.
The orc hits you but does no damage. You block the orc priest's attack.
You hear some strange, mumbled words.
A magic dart appears from out of thin air!
The magic dart hits you.
* * * LOW HITPOINT WARNING * * *
You feel better. Something hits you but does no damage.
You block the orc's attack. The orc priest barely misses you.
You hear some strange, mumbled words.
A puff of flame appears from out of thin air!
The puff of flame hits you.
* * * LOW HITPOINT WARNING * * *
The orc priest invokes the aid of Beogh against you.
Beogh smites you!
* * * LOW HITPOINT WARNING * * *
The orc attacks as you move away! You block the orc's attack.
The orc priest hits you but does no damage.
The orc priest attacks as you move away!
The orc priest hits you with a +0 hand axe.
* * * LOW HITPOINT WARNING * * *
The orc priest attacks as you move away!
The orc priest hits you with a +0 hand axe.
You die...

.............5..#................
...........55...#................
................#................
##+######+#######................
......................#######'###
......................#..........
..........>...........'..........
...............o......#.<........
................@.....#...##....#
#'######'#.....o...#'##...##....#
.....'...'.........#.............
.....#...#.........#.............
.)...#...#.........#........(....
.....#...#.........#.............
.##.######.........##############
.##.##..######...................
.........#...#...................


You could see an orc priest and an orc.

Vanquished Creatures
  Pikel (D:5)
  A black bear (D:5)
  An ice beast (D:5)
  A lemure (D:5)
  A scorpion (D:5)
  7 hounds
  3 iguanas
  Terence (D:2)
  2 orc wizards (D:5)
  5 river rats
  7 adders
  A shadow imp (D:5)
  An ufetubus (D:4)
  5 worms
  A dart slug (D:4)
  14 orcs
  4 endoplasms
  A giant cockroach (D:1)
  7 goblins
  4 hobgoblins
  4 jackals (Sewer)
  A quokka (Sewer)
  11 ball pythons
  13 bats
  7 frilled lizards
  6 kobolds
  10 rats
120 creatures vanquished.

Vanquished Creatures (others)
  3 plants (D:3)
3 creatures vanquished.

Grand Total: 123 creatures vanquished

Notes
Turn   | Place    | Note
-------+----------+-------------------------------------------
     0 | D:1      | smilodon the Demonspawn Fighter began the quest for the
                  | Orb.
     0 | D:1      | Reached XP level 1. HP: 18/18 MP: 1/1
   131 | D:1      | Found a faded altar of an unknown god.
   241 | D:1      | Gained mutation: You have a small tail. [demonic ancestry]
   241 | D:1      | Reached XP level 2. HP: 24/24 MP: 2/2
   651 | D:2      | Gained mutation: You sometimes gain a little power by
                  | taking damage. [demonic ancestry]
   651 | D:2      | Reached XP level 3. HP: 29/29 MP: 3/3
   687 | D:2      | Found Acaxt's Assorted Antiques.
   696 | D:2      | Found an ornate altar of the Wu Jian Council.
   699 | D:2      | Found Dilolir's Antique Armour Boutique.
   965 | D:2      | Found Sanek's Antique Weapon Boutique.
  1078 | D:2      | Noticed Terence
  1080 | D:2      | Found Furrenad's Jewellery Shop.
  1091 | D:2      | Killed Terence
  1092 | D:2      | Reached XP level 4. HP: 9/35 MP: 4/4
  1559 | D:3      | Found a broken altar of Ashenzari.
  1784 | D:3      | Found Seam's Weapon Shop.
  2454 | D:4      | Found a glowing drain.
  2488 | D:4      | Reached XP level 5. HP: 28/42 MP: 5/5
  2498 | Sewer    | Entered a sewer
  2971 | Sewer    | Reached skill level 4 in Fighting
  2976 | Sewer    | Gained mutation: Your mind is acute. (Int +4, Str/Dex -1)
                  | [potion of mutation]
  2977 | Sewer    | HP: 2/42 [river rat (3)]
  4227 | D:4      | Reached XP level 6. HP: 27/48 MP: 6/6
  4570 | D:4      | Found a staircase to the Ecumenical Temple.
  4585 | Temple   | Entered the Ecumenical Temple
  4720 | Temple   | Became a worshipper of Warmaster Okawaru
  5341 | D:5      | Entered Level 5 of the Dungeon
  5341 | D:5      | Noticed Duvessa
  5341 | D:5      | Noticed Dowan
  5756 | D:5      | Found a sparkling altar of Nemelex Xobeh.
  5823 | D:5      | Reached skill level 1 in Evocations
  5876 | D:5      | Gained mutation: You have a tail ending in a sharp stinger.
                  | [demonic ancestry]
  5876 | D:5      | Reached XP level 7. HP: 7/55 MP: 7/7
  6174 | D:5      | Reached * piety under Okawaru
  6991 | D:5      | Reached skill level 5 in Fighting
  6991 | D:5      | Reached skill level 1 in Invocations
  7090 | D:5      | Reached skill level 1 in Dodging
  7210 | D:5      | Noticed Pikel
  7818 | D:5      | Killed Pikel
  7819 | D:5      | Gained mutation: A weak demonic guardian rushes to your
                  | aid. [demonic ancestry]
  7819 | D:5      | Reached XP level 8. HP: 51/64 MP: 6/10
  7917 | D:5      | HP: 2/64 [orc priest/+0 hand axe (3)]
  7918 | D:5      | Slain by an orc priest

Illustrated notes

Levels and vault maps discovered:
D:1:      kennysheep_arrival_forest, layout_rooms,
          nicolae_ecumenical_snake_handling, chequers_serial_rivers_micro_d,
          minmay_tetromino_o4
D:2:      layout_rooms, basic_altar, serial_shops,
          nicolae_shop_temple_entry_statues_fountains, shop, shop,
          nicolae_shop_window_shopping, minmay_tree_intersection,
          minmay_misc_feat_ornament, minmay_misc_feat_iff, uniq_terence
D:3:      layout_basic, lemuel_tele_altar, serial_forest,
          infiniplex_forest_lined_room_, infiniplex_forest_clump_large,
          infiniplex_forest_clump_medium, infiniplex_forest_clump_small,
          serial_shops, nicolae_shop_trees
D:4:      layout_cave_pods, temple_doors_e, portal_sewer_entry_b
D:5:      layout_gridville, mainiacjoe_overflow_six_doors_small,
          kennysheep_small_circle, uniq_pikel, uniq_duvessa
Temple:   nicolae_temple_figure_zero

Skill      XL: |  1  2  3  4  5  6  7 |
---------------+----------------------+-----
Polearms       | 2 3 4 |  4.7
Armour         | 3 4 |  4.4
Shields        | 3 4 |  4.4
Fighting       | 4 5 |  5.6
Evocations     | 1 2 |  2.0
Invocations    | 3 |  3.3
Dodging        | 2 |  2.2

Action                   |  1- 3 |  4- 6 |  7- 9 || total
-------------------------+-------+-------+-------++-------
Melee: Trident           |   102 |   320 |   131 ||   553
       Tailslap          |     4 |    38 |    15 ||    57
Throw: Boomerang         |       |     2 |    13 ||    15
Invok: Heroism           |       |       |     3 ||     3
Evoke: Wand              |       |     6 |     1 ||     7
  Use: Scroll            |     4 |     6 |     4 ||    14
       Potion            |     1 |    12 |     2 ||    15
 Stab: Paralysed         |       |       |     5 ||     5
Armor: Scale mail        |    32 |   189 |    61 ||   282
Dodge: Dodged            |    36 |   182 |    48 ||   266
Block: Buckler           |    12 |   112 |    36 ||   160
